 Dungeon Crawl Stone Soup version 0.23-a0-54-gae6112e (webtiles) character file.

1719 Gildeon the Cudgeler (level 8, 0/67 HPs)
             Began as a Demigod Skald on Aug 3, 2018.
             Slain by a hippogriff (6 damage)
             ... on level 6 of the Dungeon on Aug 8, 2018.
             The game lasted 00:32:39 (8359 turns).

Gildeon the Cudgeler (Demigod Skald)                Turns: 8359, Time: 00:32:39

Health: 0/67       AC:  4    Str: 16    XL:     8   Next: 46%
Magic:  16/19      EV: 12    Int: 17    God:
Gold:   362        SH:  0    Dex: 17    Spells: 6/17 levels left

rFire    . . .     SeeInvis .   a - +1 whip (elec)
rCold    . . .     Gourm    .   (no shield)
rNeg     . . .     Faith    .   k - +2 leather armour
rPois    .         Spirit   .   (no helmet)
rElec    .         Reflect  .   (no cloak)
rCorr    .         Harm     .   (no gloves)
MR       .....                  t - +0 pair of boots
Stlth    +.........             e - amulet of inaccuracy (curse)
HPRegen  0.21/turn              m - ring of wizardry
MPRegen  0.16/turn              w - -2 ring of protection (curse)

@: confused, infused
A: high mp 1
a: no special abilities


You were on level 6 of the Dungeon.
You were not hungry.

You visited 2 branches of the dungeon, and saw 8 of its levels.

You collected 362 gold pieces.

Inventory:

Hand Weapons
 a - a +1 whip of electrocution (weapon)
 b - a +0 flail
 p - a +2 flail of draining
Missiles
 j - 6 tomahawks (quivered)
Armour
 k - a +2 leather armour (worn)
 t - a +0 pair of boots (worn)
Jewellery
 e - a cursed amulet of inaccuracy (around neck)
 m - a ring of wizardry (left hand)
 v - an uncursed ring of positive energy
 w - a cursed -2 ring of protection (right hand)
Wands
 q - a wand of polymorph (15)
 r - a wand of digging (10)
 x - a wand of iceblast (10)
Scrolls
 f - 3 scrolls of fog
 h - a scroll of blinking {unknown}
 n - a scroll of fear
Potions
 g - 2 potions of brilliance
 i - 2 potions of lignification
 l - a potion of might
 o - a potion of berserk rage
 s - a potion of ambrosia
 u - a potion of haste
Comestibles
 c - a chunk of flesh
 d - 9 rations


   Skills:
 + Level 4.4 Fighting
 + Level 6.1 Maces & Flails
 + Level 2.8 Armour
 - Level 1.7 Dodging
 - Level 5.0 Spellcasting
 - Level 5.0 Charms


You had 6 spell levels left.
You knew the following spells:

 Your Spells              Type           Power        Failure   Level  Hunger
a - Infusion              Chrm           ###.         1%          1    None
b - Song of Slaying       Chrm           ###.....     1%          2    #......
c - Shroud of Golubria    Chrm/Tloc      ##........   3%          2    #......
d - Regeneration          Chrm/Necr      ##........   8%          3    ###....
e - Spectral Weapon       Hex/Chrm       ##......     8%          3    ###....

Your spell library contained the following spells:

 Spells                   Type           Power        Failure   Level  Hunger


Dungeon Overview and Level Annotations

Branches:
Dungeon (7/15)             Temple (1/1) D:5

Annotations:
D:4 Eustachio


Innate Abilities, Weirdness & Mutations

You have an increased reservoir of magic. (+10% MP)


Message History

The hippogriff claws you.
* * * LOW HITPOINT WARNING * * *
You hit the hippogriff.
The hippogriff is severely wounded.
The hippogriff bites you.
* * * LOW HITPOINT WARNING * * *
The hippogriff pecks you but does no damage.
The hippogriff claws you but does no damage.
It was a potion of ambrosia.
You are confused.
You feel invigorated. The hippogriff barely misses you.
The hippogriff pecks you.
* * * LOW HITPOINT WARNING * * *
The hippogriff claws you.
* * * LOW HITPOINT WARNING * * *
You bump into the rock wall.
The hippogriff closely misses you. The hippogriff pecks you.
* * * LOW HITPOINT WARNING * * *
The hippogriff claws you.
You die...

......# #####.#
#####.# ......#
#.....# #.##.##
#.##.#############
#.#.............H#
.....###########@#
#.##..# #.#
#.###.# #.#
......# #.#
..##..# ##.##
..##..# #...#
..##..# #...#
...>..### #...#
........#####
##<##


You could see a hippogriff.

Vanquished Creatures
  Menkaure (D:6)
  An orc warrior (D:6)
  A black bear (D:6)
  4 ogres
  A centaur (D:6)
  A vampire bat (D:5)
  A howler monkey (D:6)
  2 crimson imps
  2 hounds
  2 bullfrog skeletons
  5 orc priests
  Jessica (D:3)
  2 iguanas
  4 orc wizards (D:6)
  3 worker ants
  11 adders
  2 shadow imps (D:6)
  An adder skeleton (D:4)
  4 worms
  2 dart slugs
  3 fire bats (D:5)
  5 leopard geckos
  22 orcs
  2 spectral bats (D:5)
  A ball python (D:1)
  3 bat skeletons (D:5)
  A bat zombie (D:5)
  5 giant cockroaches
  7 hobgoblins
  13 jackals
  4 quokkas
  15 bats
  A bat simulacrum (D:5)
  A frilled lizard (D:4)
  7 goblins
  14 kobolds
  6 rats
161 creatures vanquished.

Notes
Turn   | Place    | Note
-------+----------+-------------------------------------------
     0 | D:1      | Gildeon the Demigod Skald began the quest for the Orb.
     0 | D:1      | Reached XP level 1. HP: 17/17 MP: 5/5
   558 | D:1      | Reached skill level 2 in Maces & Flails
   691 | D:1      | Reached XP level 2. HP: 22/24 MP: 1/7
   792 | D:1      | Learned a level 2 spell: Song of Slaying
   795 | D:1      | Learned a level 2 spell: Shroud of Golubria
  1268 | D:2      | Reached XP level 3. HP: 19/29 MP: 3/9
  2146 | D:2      | Reached XP level 4. HP: 34/36 MP: 10/10
  2157 | D:2      | Learned a level 3 spell: Regeneration
  2732 | D:3      | Reached skill level 3 in Maces & Flails
  3050 | D:2      | Reached XP level 5. HP: 36/41 MP: 9/12
  3208 | D:3      | Noticed Jessica
  3562 | D:3      | Found an ornate altar of the Wu Jian Council.
  3826 | D:3      | Killed Jessica
  3964 | D:4      | Found a shattered altar of Ashenzari.
  4222 | D:4      | Reached XP level 6. HP: 15/48 MP: 9/14
  4640 | D:4      | Reached skill level 4 in Maces & Flails
  4742 | D:4      | Found an iron altar of Okawaru.
  5039 | D:4      | Upgraded the game from 0.23-a0-29-g1be82e5 to 0.23-a0-32-g1388f29
  5043 | D:4      | Learned a level 3 spell: Spectral Weapon
  5105 | D:4      | Noticed Eustachio
  5123 | D:5      | Entered Level 5 of the Dungeon
  5384 | D:5      | Reached skill level 5 in Charms
  5384 | D:5      | Reached XP level 7. HP: 53/53 MP: 9/16
  5499 | D:5      | Found a staircase to the Ecumenical Temple.
  5600 | Temple   | Entered the Ecumenical Temple
  6303 | D:5      | Reached skill level 5 in Maces & Flails
  6636 | D:6      | HP: 2/57 [something/puff of frost (8)]
  6928 | D:6      | Reached skill level 5 in Spellcasting
  6928 | D:6      | Reached XP level 8. HP: 55/63 MP: 13/19
  6940 | D:6      | Reached skill level 1 in Armour
  7089 | D:6      | Upgraded the game from 0.23-a0-32-g1388f29 to 0.23-a0-54-gae6112e
  7146 | D:6      | Found a stormy altar of Qazlal.
  7155 | D:6      | Found a shadowy altar of Dithmenos.
  7335 | D:6      | Noticed Menkaure
  7346 | D:6      | Killed Menkaure
  7575 | D:6      | Reached skill level 6 in Maces & Flails
  7584 | D:6      | HP: 2/67 [orc priest/divine providence (9)]
  8346 | D:7      | Found a bloodstained altar of Trog.
  8346 | D:7      | Noticed a hippogriff
  8359 | D:6      | Slain by a hippogriff

Vault maps used:
D:1:      shiori_arrival_maze, minmay_misc_feat_enclosed
D:2:      serial_aquarium, aquarium_bridge_square, aquarium_bridge_straight,
          aquarium_window_1, aquarium_window_fake, aquarium_window_corridor_1,
          aquarium_window_fake, aquarium_view_2e, first_ration,
          minmay_misc_feat_cross, minmay_misc_feat_iff
D:3:      lemuel_doored_altar, uniq_jessica
D:4:      kennysheep_okawaru_gauntlet, corexii_corridor_pit, ashenzari_altar_1,
          uniq_eustachio
D:5:      temple_green, grunt_ministairs_13, goddamned_bats
D:6:      kennysheep_mini_moat, nicolae_qazlal_eye_of_the_storm, uniq_menkaure
D:7:      basic_altar, dk_noncrumbling_4, kennysheep_generic_room_4
Temple:   zaba_magenta_temple

Skill      XL: |  1  2  3  4  5  6  7  8 |
---------------+-------------------------+-----
Maces & Flails | 2 3 4 5 6 |  6.1
Spellcasting   | 2 3 4 5 |  5.0
Charms         | 3 4 5 |  5.0
Fighting       | 3 4 |  4.4
Armour         | 2 |  2.8
Dodging        | |  1.7

Action                   |  1- 3 |  4- 6 |  7- 9 || total
-------------------------+-------+-------+-------++-------
Melee: Whip              |   166 |   244 |   224 ||   634
       Mace              |    17 |       |       ||    17
       Unarmed           |       |     4 |       ||     4
Throw: Tomahawk          |       |    30 |       ||    30
 Cast: Infusion          |    22 |    33 |    19 ||    74
       Shroud of Golubri |       |     4 |     4 ||     8
       Song of Slaying   |       |       |     3 ||     3
  Use: Scroll            |     2 |     7 |     2 ||    11
       Potion            |       |     1 |     2 ||     3
 Stab: Sleeping          |       |       |     2 ||     2
  Eat: Chunk             |     1 |     8 |     2 ||    11
       Ration            |     1 |     1 |     2 ||     4
Armor: Leather armour    |    39 |    71 |    99 ||   209
Dodge: Dodged            |   106 |   167 |   197 ||   470

Table legend:
 A = Spawn XP
 B = Non-spawn XP
 C = Spawn XP percentage of total XP
 D = Spawn monster count
 E = Non-spawn monster count
 F = Spawn count percentage of total count
 G = Total turns spent on level
                    A         B        C        D         E        F      G
               +---------+---------+-------+---------+---------+-------+---------
         Total |       0 |    2457 |   0.0 |       0 |     161 |   0.0 |  8359
               +---------+---------+-------+---------+---------+-------+---------
           D:1 |       0 |      41 |   0.0 |       0 |      25 |   0.0 |  1253
           D:2 |       0 |     123 |   0.0 |       0 |      31 |   0.0 |  1665
           D:3 |       0 |     154 |   0.0 |       0 |      23 |   0.0 |  1046
           D:4 |       0 |     472 |   0.0 |       0 |      26 |   0.0 |  1159
           D:5 |       0 |     582 |   0.0 |       0 |      28 |   0.0 |  1534
           D:6 |       0 |    1085 |   0.0 |       0 |      28 |   0.0 |  1621
               +---------+---------+-------+---------+---------+-------+---------
